 Dungeon Crawl Stone Soup version 0.19-a0-994-g3c636f0 (webtiles) character file.

8037 mopl the Covert (level 11, -10/81 HPs)
             Began as a Naga Enchanter on July 15, 2016.
             Was a Believer of Ashenzari.
             Mangled by Gastronok (30 damage)
             ... on level 2 of the Lair of Beasts.
             The game lasted 00:29:16 (11852 turns).

mopl the Covert (Naga Enchanter)                   Turns: 11852, Time: 00:29:17

Health: -10/81     AC:  9    Str: 11    XL:     11   Next: 24%
Magic:  5/17       EV:  9    Int: 17    God:    Ashenzari [**....]
Gold:   475        SH:  3    Dex: 15    Spells: 6 memorised, 5 levels left

rFire  . . .     SeeInvis +     a - +0 dagger (venom)
rCold  . . .     Gourm    .     b - +1 robe
rNeg   . . .     Faith    .     w - +0 buckler
rPois  +         Spirit   .     F - +0 helmet of Tuet {+Fly Stlth+} (curse)
rElec  .         Dismiss  .     (no cloak)
rCorr  .         Reflect  .     r - +1 pair of gloves
SustAt .         Harm     .     (no barding)
MR     +....                    (no amulet)
Stlth  +++++++...               Q - ring of wizardry
                                D - +2 ring of dexterity

@: about to teleport, very slow, somewhat resistant to hostile enchantments,
extremely stealthy
A: see invisible, deformed body, poison resistance, shaggy fur 1, slowness 2,
slow metabolism 1, spit poison 2, AC +3
a: Spit Poison, Curse Item, Scrying, Renounce Religion, Evoke Flight


You were on level 2 of the Lair of Beasts.
You worshipped Ashenzari.
Ashenzari was pleased with you.
You were very hungry.

You visited 2 branches of the dungeon, and saw 12 of its levels.
You also visited: Ossuary.

You collected 637 gold pieces.
You spent 162 gold pieces at shops.

Inventory:

Hand Weapons
 a - a +0 dagger of venom (weapon)
Missiles
 g - 2 javelins
 B - 26 poisoned needles
 E - 7 tomahawks (quivered)
Armour
 b - a +1 robe (worn)
 l - a +4 ring mail of fire resistance
 r - a +1 pair of gloves (worn)
 w - a +0 buckler (worn)
 F - the cursed +0 helmet of Tuet (worn) {+Fly Stlth+}
   (You found it on level 4 of the Dungeon)

   It lets you fly.
   It makes you more stealthy.
   It has a curse placed upon it.
 J - the cursed +1 ring mail of Mick {Str+2 Stlth+}
   (You found it on level 4 of the Dungeon)

   It affects your strength (+2).
   It makes you more stealthy.
   It has a curse placed upon it.
 Z - a +2 leather armour of fire resistance
Jewellery
 D - a +2 ring of dexterity (left hand)
 Q - a ring of wizardry (right hand)
 V - an uncursed ring of resist corrosion
Wands
 m - a wand of flame (24/48)
 s - a wand of disintegration (11/24)
 u - a wand of paralysis (5/24)
 y - a wand of polymorph (13/24)
Scrolls
 c - a scroll of holy word {unknown}
 f - a scroll of enchant weapon
 i - 7 scrolls of remove curse
 j - 3 scrolls of recharging
 o - a scroll of blinking
 q - 2 scrolls of fear
 v - 6 scrolls of magic mapping
 K - 2 scrolls of fog
 N - a scroll of teleportation
 P - a scroll of random uselessness {unknown}
 W - 2 scrolls of vulnerability {unknown}
 Y - a scroll of identify
Potions
 e - a potion of brilliance
 p - 2 potions of haste
 t - a potion of resistance {unknown}
 H - a potion of agility
 I - 2 potions of mutation {unknown}
 M - a potion of invisibility
 O - a potion of cancellation
 S - 3 potions of heal wounds
 U - 2 potions of curing
 X - a potion of berserk rage {unknown}
Miscellaneous
 k - a box of beasts
Comestibles
 d - 6 bread rations
 h - 3 fruits


   Skills:
 + Level 7.7 Short Blades
 - Level 1.5 Dodging
 * Level 12.8 Stealth
 + Level 4.4 Spellcasting
 * Level 11.2 Hexes
 - Level 3.0 Necromancy
 - Level 3.0 Translocations
 - Level 3.1 Ice Magic


You had 5 spell levels left.
You knew the following spells:

 Your Spells              Type           Power        Failure   Level  Hunger
a - Apportation           Tloc           ##........   4%          1    None
b - Ensorcelled Hibernat  Hex/Ice        ####..       1%          2    ##.....
c - Confuse               Hex            #####...     1%          3    ###....
d - Tukima's Dance        Hex            #####...     1%          3    ###....
e - Blink                 Tloc           N/A          4%          2    ##.....
C - Corpse Rot            Necr           N/A          4%          2    ##.....


Dungeon Overview and Level Annotations

Branches:
Dungeon (10/15)            Temple (0/1) D:6            Lair (2/6) D:9
  Swamp (0/4) Lair:2
  Snake: Lair:2-4    Spider: Lair:2-4       Orc: D:9-12

Altars:
Ashenzari
Dithmenos
Elyvilon
Fedhas
Makhleb
Nemelex Xobeh
Qazlal
Sif Muna
Uskayaw
Xom

Shops:
D:5 *   D:7 }

Annotations:
Lair:2 Gastronok


Innate Abilities, Weirdness & Mutations

You cannot wear boots.
Your serpentine skin is tough. (AC +3)
You have supernaturally acute eyesight. (SInv)
Armour fits poorly on your strangely shaped body.
Your system is resistant to poisons. (rPois)
You cover ground very slowly.
You have a slow metabolism.
You can spit poison.
You are covered in fur. (AC +1)


Message History

You feel a bit more experienced.
Found a scroll of magic mapping.
As you read the scroll labeled YXOLEF KIXOUMU, it crumbles to dust.
You assume a fearsome visage.
Gastronok resists with almost no effort.
The elephant looks frightened!
It was a scroll of fear.
Found a cursed ring of teleportation.
You see here a scroll of magic mapping.
v - 6 scrolls of magic mapping (gained 1)
The elephant seems to regain its courage.
Found 22 gold pieces.
The helpless Gastronok fails to defend himself.
You spit Gastronok like a pig!!!!
Gastronok looks as sick as possible!
Gastronok is heavily wounded.
As you read the scroll labeled BOETEI OCIMP, it crumbles to dust.
You feel strangely unstable.
It was a scroll of teleportation.
The elephant closely misses you.
The elephant trunk-slaps you but does no damage.
Gastronok bites you!!
You die...

..........# ##.... *
* #........###.#...#
##.........#.#....*
##........P...#... *
##............#... *
##........Y.##......#
#...........##...#P##
#...........###..#
**#.....w@Y...##.Y##
,.#..........###.#
#..........## #รท#
###....=...####.##
##....####P..Y.#
#..#.# ##....###
#.#$## #P....#.# ##*#
#......## * ##.###.##


You could see Gastronok and 2 elephants.

Vanquished Creatures
  A hydra (Lair:1)
  An unseen horror (D:10)
  Pikel (D:7)
  2 elephants (Lair:2)
  A spiny frog (Lair:1)
  A komodo dragon (Lair:1)
  Prince Ribbit (D:7)
  Sigmund (D:3)
  A yak (D:7)
  A basilisk (Lair:1)
  A human (D:7)
  A hippogriff (Lair:1)
  Duvessa (D:4)
  A porcupine (Lair:1)
  5 water moccasins
  3 orc warriors
  A centaur (D:6)
  3 ogres
  A phantom (D:10)
  3 crocodiles
  A giant frog (D:9)
  A big kobold (D:8)
  A wyvern zombie (Ossuary)
  A gnoll sergeant (D:9)
  Dowan (D:4)
  6 scorpions
  3 wights (D:9)
  2 howler monkeys
  An electric eel (Lair:2)
  3 giant frog zombies
  3 crimson imps
  2 centaur zombies (Ossuary)
  3 hounds
  A jelly (D:7)
  5 orc wizards
  6 orc priests
  A centaur skeleton (D:5)
  2 giant frog skeletons
  15 mummies (Ossuary)
  Terence (D:3)
  2 iguanas
  4 worker ants
  A killer bee zombie (Ossuary)
  3 sheep (D:7)
  4 hound zombies
  6 worker ant zombies
  Robin (D:3)
  2 howler monkey skeletons
  11 gnolls
  17 adders
  2 shadow imps
  An ooze (D:1)
  2 adder skeletons
  3 worms (D:2)
  3 dart slugs
  6 giant geckos
  29 orcs
  A ball python (D:1)
  9 bats
  8 giant cockroaches
  17 goblins
  4 hobgoblins
  16 jackals
  2 quokkas
  A giant gecko zombie (Ossuary)
  A giant newt (D:4)
  A goblin zombie (D:8)
  A jackal zombie (D:6)
  11 kobolds
  A quokka skeleton (D:5)
  2 quokka zombies
  7 rats
  A fungus (D:5)
270 creatures vanquished.

Vanquished Creatures (others)
  2 dancing weapons
  A slave (D:7)
  A shadow imp (D:7)
  A fungus (D:5)
  2 withered plants (Ossuary)
7 creatures vanquished.

Grand Total: 277 creatures vanquished

Notes
Turn   | Place    | Note
-------+----------+-------------------------------------------
     0 | D:1      | mopl the Naga Enchanter began the quest for the Orb.
     0 | D:1      | Reached XP level 1. HP: 15/15 MP: 3/3
     6 | D:1      | Noticed a crocodile
     6 | D:1      | Noticed an eight-headed hydra
     6 | D:1      | Noticed a water moccasin
     6 | D:1      | Noticed a polar bear
     6 | D:1      | Noticed a wolf
   262 | D:1      | Reached XP level 2. HP: 22/22 MP: 5/5
   266 | D:1      | Learned a level 2 spell: Ensorcelled Hibernation
   549 | D:1      | Reached XP level 3. HP: 17/28 MP: 6/6
   735 | D:1      | Learned a level 3 spell: Confuse
  1317 | D:2      | Reached skill level 5 in Stealth
  1317 | D:2      | Reached XP level 4. HP: 36/36 MP: 7/7
  1362 | D:2      | Reached skill level 1 in Ice Magic
  1540 | D:2      | Found a shimmering altar of Xom.
  1669 | D:3      | Noticed Sigmund
  1683 | D:3      | Killed Sigmund
  1683 | D:3      | Reached skill level 2 in Short Blades
  1683 | D:3      | Reached skill level 4 in Hexes
  1683 | D:3      | Reached skill level 2 in Ice Magic
  1683 | D:3      | Reached XP level 5. HP: 20/42 MP: 1/9
  1683 | D:3      | Reached XP level 6. HP: 23/49 MP: 1/10
  1844 | D:3      | Learned a level 3 spell: Tukima's Dance
  1981 | D:3      | Noticed Terence
  1990 | D:3      | Killed Terence
  2224 | D:3      | Reached skill level 5 in Hexes
  2813 | D:3      | Found a blossoming altar of Fedhas.
  2841 | D:3      | Noticed Robin
  2845 | D:3      | Killed Robin
  2906 | D:3      | Reached skill level 6 in Stealth
  2925 | D:3      | Found a shattered altar of Ashenzari.
  2990 | D:3      | Became a worshipper of Ashenzari the Shackled
  3042 | D:3      | Reached XP level 7. HP: 55/55 MP: 11/11
  3187 | D:4      | Reached skill level 3 in Short Blades
  3193 | D:4      | Reached skill level 3 in Spellcasting
  3214 | D:3      | Reached skill level 3 in Ice Magic
  3575 | D:4      | Learned a level 2 spell: Blink
  3586 | D:4      | Learned a level 1 spell: Apportation
  3647 | D:4      | Found a hide-covered altar of Uskayaw.
  3648 | D:4      | Noticed a dagger
  3648 | D:4      | Noticed a hand axe
  3681 | D:4      | Got the cursed helmet of Tuet {+Fly Stlth+}
  3692 | D:4      | Identified the cursed +0 helmet of Tuet {+Fly Stlth+} (You found it on level 4 of the Dungeon)
  3817 | D:4      | Got the cursed ring mail of Mick {Str+2 Stlth+}
  3897 | D:4      | Noticed Duvessa
  3897 | D:4      | Noticed Dowan
  3939 | D:4      | Killed Duvessa
  3939 | D:4      | Reached skill level 6 in Hexes
  3981 | D:4      | Killed Dowan
  3981 | D:4      | Reached XP level 8. HP: 22/62 MP: 2/12
  4217 | D:4      | Reached skill level 7 in Stealth
  4260 | D:5      | Entered Level 5 of the Dungeon
  4370 | D:5      | Found Juso's Assorted Antiques.
  4431 | D:5      | HP: 3/62 [gnoll/spear (5)]
  4434 | D:5      | HP: 1/62 [gnoll/spear (3)]
  4720 | D:5      | Reached skill level 4 in Short Blades
  4999 | D:5      | Bought a scroll labeled WEUPHE OLAUCH for 28 gold pieces
  4999 | D:5      | Bought a lumpy coppery potion for 25 gold pieces
  4999 | D:5      | Bought a scroll labeled ZEQ TINOTIBY for 28 gold pieces
  4999 | D:5      | Bought a scroll labeled BOETEI OCIMP for 28 gold pieces
  4999 | D:5      | Bought a fizzy brown potion for 25 gold pieces
  4999 | D:5      | Bought a scroll labeled TIYZAI BAPISHI for 28 gold pieces
  5371 | D:5      | Reached skill level 7 in Hexes
  6034 | D:5      | Found a deep blue altar of Sif Muna.
  6396 | D:6      | Reached skill level 8 in Stealth
  6780 | D:6      | Reached * piety under Ashenzari
  6780 | D:6      | Found a stormy altar of Qazlal.
  6781 | D:6      | Found a sparkling altar of Nemelex Xobeh.
  6783 | D:6      | Found a shadowy altar of Dithmenos.
  6784 | D:6      | Found a burning altar of Makhleb.
  6835 | D:6      | Found a white marble altar of Elyvilon.
  6893 | D:6      | Found a staircase to the Ecumenical Temple.
  6932 | D:7      | Reached skill level 5 in Short Blades
  7174 | D:7      | Reached skill level 8 in Hexes
  7174 | D:7      | Reached XP level 9. HP: 9/68 MP: 0/13
  7668 | D:7      | Found Ibrohyab's Gadget Shop.
  7701 | D:7      | Reached skill level 9 in Stealth
  7821 | D:7      | Noticed Pikel
  7838 | D:7      | Killed Pikel
  7977 | D:7      | Noticed Prince Ribbit
  7981 | D:7      | Killed Prince Ribbit
  7981 | D:7      | Reached skill level 9 in Hexes
  7988 | D:7      | Learned a level 2 spell: Corpse Rot
  8112 | D:7      | Reached skill level 6 in Short Blades
  8117 | D:7      | Reached skill level 10 in Stealth
  8305 | D:8      | Found a sand-covered staircase.
  8331 | Ossuary  | Entered an ossuary
  8347 | Ossuary  | Reached skill level 1 in Necromancy
  8392 | Ossuary  | Reached skill level 1 in Translocations
  8845 | Ossuary  | Reached XP level 10. HP: 75/75 MP: 6/14
  8885 | Ossuary  | Reached skill level 2 in Translocations
  9228 | Ossuary  | Gained mutation: You are covered in fur. (AC +1) [potion of beneficial mutation]
  9538 | D:8      | Reached skill level 2 in Necromancy
 10096 | D:8      | Reached skill level 10 in Hexes
 10231 | D:9      | Found a staircase to the Lair.
 10561 | D:9      | Reached skill level 3 in Necromancy
 10707 | D:9      | Reached skill level 3 in Translocations
 10983 | D:10     | Entered Level 10 of the Dungeon
 11032 | D:10     | Noticed an unseen horror
 11037 | D:10     | Killed an unseen horror
 11037 | D:10     | Reached skill level 7 in Short Blades
 11037 | D:10     | Reached skill level 11 in Stealth
 11154 | Lair:1   | Entered Level 1 of the Lair of Beasts
 11154 | Lair:1   | Reached ** piety under Ashenzari
 11175 | Lair:1   | Noticed a spiny frog
 11189 | Lair:1   | Killed a spiny frog
 11473 | Lair:1   | Reached skill level 4 in Spellcasting
 11495 | Lair:1   | Noticed a six-headed hydra
 11502 | Lair:1   | Killed a six-headed hydra
 11502 | Lair:1   | Reached skill level 12 in Stealth
 11502 | Lair:1   | Reached skill level 11 in Hexes
 11502 | Lair:1   | Reached XP level 11. HP: 81/81 MP: 17/17
 11760 | Lair:2   | Found a staircase to the Swamp.
 11842 | Lair:2   | Noticed Gastronok
 11852 | Lair:2   | Mangled by Gastronok

Vault maps used:
D:1:      onia_arrival_zoo_common
D:2:      marbit_many_paths
D:3:      ashenzari_conservatory_becter, fedhas_altar_fruit_tree, uniq_sigmund,
          uniq_terence, uniq_robin
D:4:      dancing_weapons_uskayaw, nrook_uturn, uniq_duvessa
D:5:      old_forge, lemuel_blue_sif_altar, serial_shops,
          nicolae_shop_overgrown_old_shop, first_bread, minivault_27
D:6:      lemuel_ice_spiral_2, grunt_temple_overflow_open, elyvilon_altar_5
D:7:      serial_shops, nicolae_shop_temple_entry_statues_fountains,
          grunt_livestock, uniq_pikel, uniq_prince_ribbit1
D:8:      enter_ossuary_4
D:9:      lair_0_dummy, serial_park_tiny_pond
D:10:     minmay_bloctagon_deflated, library_closet
Lair:1:   infiniplex_staircase_pool_2
Lair:2:   minmay_swamp_entry_eels, uniq_gastronok
Ossuary:  ossuary_zaba_flooded

Skill      XL: |  1  2  3  4  5  6  7  8  9 10 |
---------------+-------------------------------+-----
Stealth        | 5 6 8 10 12 | 12.8
Ice Magic      | 2 3 |  3.1
Short Blades   | 2 3 5 6 7 |  7.7
Hexes          | 4 5 6 8 9 11 | 11.2
Spellcasting   | 3 4 |  4.4
Necromancy     | 1 3 |  3.0
Translocations | 1 3 |  3.0
Dodging        | |  1.5

Action                   |  1- 3 |  4- 6 |  7- 9 | 10-12 || total
-------------------------+-------+-------+-------+-------++-------
Melee: Dagger            |    58 |   124 |   493 |   322 ||   997
 Cast: Ensorcelled Hiber |     9 |    29 |    75 |    32 ||   145
       Confuse           |       |     1 |    26 |    13 ||    40
       Tukima's Dance    |       |       |     3 |       ||     3
       Blink             |       |       |     3 |     3 ||     6
       Corpse Rot        |       |       |       |     2 ||     2
 Abil: Spit Poison       |     3 |     8 |     6 |     2 ||    19
Evoke: Wand              |       |       |     5 |     3 ||     8
  Use: Potion            |       |       |    11 |     1 ||    12
       Scroll            |       |       |    12 |     5 ||    17
 Stab: Sleeping          |    14 |    31 |    60 |    35 ||   140
       Confused          |       |     1 |    10 |     7 ||    18
       Distracted        |       |     1 |     3 |     1 ||     5
       Paralysed         |       |       |     3 |       ||     3
  Eat: Chunk             |     1 |     7 |    20 |     9 ||    37
       Royal jelly       |       |       |     1 |       ||     1
       Beef jerky        |       |       |       |     1 ||     1
Armor: Robe              |    20 |    21 |   146 |    99 ||   286
       Skin              |       |       |    25 |       ||    25
Dodge: Dodged            |    33 |    44 |   182 |    85 ||   344
Block: Buckler           |       |       |    60 |    30 ||    90
